 Dungeon Crawl Stone Soup version 0.29.1-15-g9cfb28693d (webtiles) character file.

Game seed: 9053297138272637187

59 Mysteryquy the Chopper (level 4, -1/41 HPs)
             Began as a Gnoll Cinder Acolyte on May 2, 2023.
             Was a High Priest of Ignis.
             Slain by a water moccasin (2 damage)
             ... on level 3 of the Dungeon.
             The game lasted 00:03:23 (2622 turns).

Mysteryquy the Chopper (Gnoll Cinder Acolyte)       Turns: 2622, Time: 00:03:24

Health: -1/41      AC:  9    Str: 14    XL:     4   Next: 3%
Magic:  8/8        EV: 11    Int: 13    God:    Ignis [*****.]
Gold:   83         SH:  0    Dex:  9    Spells: 6/8 levels left

rFire   + + .      SeeInvis .   d - +2 dagger (pain)
rCold   . . .      Faith    .   (no shield)
rNeg    . . .      Spirit   .   b - +0 robe
rPois   .          Reflect  .   (no helmet)
rElec   .          Harm     .   (no cloak)
rCorr   .          Rampage  .   (no gloves)
Will    .....                   (no boots)
Stlth   +.........              (no amulet)
HPRegen 0.13/turn               c - ring of protection from fire
MPRegen 0.11/turn               (no ring)

@: brilliant, lethally poisoned (-1 -> -6), fiery-armoured
A: fangs 1, strong nose, distributed training
a: Renounce Religion, Fiery Armour, Foxfire Swarm, Rising Flame


You were on level 3 of the Dungeon.
You worshipped Ignis.
Ignis was extremely pleased with you.
You visited 1 branch of the dungeon, and saw 3 of its levels.

You collected 83 gold pieces.

Inventory:

Hand Weapons
 a - a -1 hand axe of flaming
 d - a +2 dagger of pain (weapon)
 l - a +1 dagger of freezing
Armour
 b - a +0 robe (worn)
 q - a +0 plate armour
Jewellery
 c - a ring of protection from fire (left hand)
 j - a ring of magical power
Wands
 k - a wand of paralysis (6)
Scrolls
 g - a scroll of summoning {unknown}
 i - 2 scrolls of immolation {unknown}
 n - a scroll of blinking {unknown}
 o - a scroll of amnesia {unknown}
 p - a scroll of noise {unknown}
Potions
 e - 2 potions of brilliance
 f - 2 potions of flight {unknown}
 h - a potion of invisibility {unknown}
 m - a potion of mutation {unknown}


   Skills:
 + Level 6.6 Fighting
 + Level 1.0 Short Blades
 + Level 1.0 Long Blades
 + Level 6.6 Axes
 + Level 1.0 Maces & Flails
 + Level 1.0 Polearms
 + Level 1.0 Staves
 + Level 1.0 Ranged Weapons
 + Level 1.0 Throwing
 + Level 1.0 Armour
 + Level 1.0 Dodging
 + Level 1.0 Stealth
 + Level 1.0 Shields
 + Level 1.0 Unarmed Combat
 + Level 2.9 Spellcasting
 + Level 0.8 Conjurations
 + Level 0.8 Hexes
 + Level 0.8 Summonings
 + Level 0.8 Necromancy
 + Level 0.8 Translocations
 + Level 0.8 Transmutations
 + Level 5.4 Fire Magic
 + Level 0.8 Ice Magic
 + Level 0.8 Air Magic
 + Level 0.8 Earth Magic
 + Level 0.8 Poison Magic
 + Level 1.1 Invocations
 + Level 1.0 Evocations


You had 6 spell levels left.
You knew the following spells:

 Your Spells              Type           Power      Damage    Failure   Level
a - Scorch                Fire           48%        2d7       3%          2

Your spell library contained the following spells:

 Spells                   Type           Power      Damage    Failure   Level


Dungeon Overview and Level Annotations

Branches:
Dungeon (3/15)

Altars:
Fedhas
Uskayaw
Xom


Innate Abilities, Weirdness & Mutations

You have very sharp teeth.
Your uncanny sense of smell can sniff out nearby items.
Your experience applies equally to all skills.


Message History

The water moccasin barely misses you.
Your foxfire dissipates!
You feel sick. The water moccasin bites you.
You are more poisoned.
The water moccasin poisons you!
Your foxfire dissipates!
You feel very sick.
The water moccasin attacks as you move away!
The water moccasin closely misses you.
You feel very sick. The water moccasin bites you.
A protective cloak of flame settles atop you.
* * * LOW HITPOINT WARNING * * *
You feel very sick.
The water moccasin bites you but does no damage.
The water moccasin is burned by your cloak of flames.
The water moccasin is lightly wounded.
You barely miss the water moccasin.
The water moccasin is lightly wounded.
* * * LOW HITPOINT WARNING * * *
You feel sick.
The water moccasin bites you but does no damage.
The water moccasin is burned by your cloak of flames.
The water moccasin is moderately wounded.
You barely miss the water moccasin.
The water moccasin is moderately wounded.
* * * LOW HITPOINT WARNING * * *
You feel sick. The water moccasin bites you.
* * * LOW HITPOINT WARNING * * *
The water moccasin is burned by your cloak of flames.
The water moccasin is heavily wounded.
The water moccasin bites you.
* * * LOW HITPOINT WARNING * * *
The water moccasin is burned by your cloak of flames.
The water moccasin is severely wounded.
It was a potion of brilliance.
You feel clever all of a sudden.
* * * LOW HITPOINT WARNING * * *
You feel sick. The water moccasin bites you.
You die...

#........# #.# ######.#.#
#.# #.#รท# #.# #.#.###.#
#.......# ###.###.# #.#
#.# ############.###.#
#.......S@.....#.#########
#.##########..............
#..............
##..########### #..# #
#..###### ### ..###
#........ ...
.....##.############
#.....# #........


You could see a water moccasin.

Vanquished Creatures
  An adder (D:2)
  3 worms (D:2)
  A ball python (D:2)
  7 endoplasms (D:1)
  A giant cockroach (D:2)
  5 hobgoblins
  4 jackals (D:3)
  A quokka (D:1)
  3 bats
  2 frilled lizards (D:1)
  3 goblins (D:1)
  6 kobolds
  A rat (D:3)
38 creatures vanquished.

Vanquished Creatures (others)
  2 demonic plants (D:1)
  A foxfire (D:3)
3 creatures vanquished.

Grand Total: 41 creatures vanquished

Notes
Turn   | Place    | Note
-------+----------+-------------------------------------------
     0 | D:1      | Mysteryquy the Gnoll Cinder Acolyte began the quest for the
                  | Orb.
     0 | D:1      | Reached XP level 1. HP: 23/23 MP: 4/4
   242 | D:1      | Found a faded altar of an unknown god.
   244 | D:1      | Reached XP level 2. HP: 29/29 MP: 5/5
   980 | D:1      | Reached XP level 3. HP: 19/35 MP: 7/7
  1362 | D:2      | Reached skill level 1 in Invocations
  1533 | D:2      | Found a shimmering altar of Xom.
  1897 | D:2      | Reached skill level 1 in Short Blades
  1897 | D:2      | Reached skill level 1 in Long Blades
  1897 | D:2      | Reached skill level 1 in Maces & Flails
  1897 | D:2      | Reached skill level 1 in Polearms
  1897 | D:2      | Reached skill level 1 in Staves
  1897 | D:2      | Reached skill level 1 in Ranged Weapons
  1897 | D:2      | Reached skill level 1 in Throwing
  1897 | D:2      | Reached skill level 1 in Armour
  1897 | D:2      | Reached skill level 1 in Dodging
  1897 | D:2      | Reached skill level 1 in Stealth
  1897 | D:2      | Reached skill level 1 in Shields
  1897 | D:2      | Reached skill level 1 in Unarmed Combat
  1897 | D:2      | Reached skill level 1 in Evocations
  2062 | D:2      | You fall into a shaft and drop 1 floor!
  2062 | D:3      | Found a blossoming altar of Fedhas.
  2065 | D:3      | Found a hide-covered altar of Uskayaw.
  2196 | D:3      | Reached XP level 4. HP: 13/41 MP: 8/8
  2525 | D:3      | Learned a level 2 spell: Scorch
  2610 | D:3      | Noticed a water moccasin
  2621 | D:3      | HP: 2/41 [water moccasin (3)]
  2622 | D:3      | Slain by a water moccasin

Illustrated notes

Levels and vault maps discovered:
D:1:      wander_arrival_chamber, layout_basic, shapermc_ecumenical_altar_gd
D:2:      layout_basic, basic_altar, serial_forest,
          infiniplex_forest_clump_small, infiniplex_forest_straight_2,
          infiniplex_forest_straight_2, infiniplex_forest_clump_long,
          skrybe_limestone_x, minmay_misc_feat_x
D:3:      layout_loops_ring, grunt_temple_overflow_open

Skill      XL: |  1  2  3 |
---------------+----------+-----
Invocations    | 1 |  1.1
Short Blades   | 1 |  1.0
Long Blades    | 1 |  1.0
Maces & Flails | 1 |  1.0
Polearms       | 1 |  1.0
Staves         | 1 |  1.0
Ranged Weapons | 1 |  1.0
Throwing       | 1 |  1.0
Armour         | 1 |  1.0
Dodging        | 1 |  1.0
Stealth        | 1 |  1.0
Shields        | 1 |  1.0
Unarmed Combat | 1 |  1.0
Evocations     | 1 |  1.0
Fighting       | |  6.6
Axes           | |  6.6
Spellcasting   | |  2.9
Conjurations   | |  0.8
Hexes          | |  0.8
Summonings     | |  0.8
Necromancy     | |  0.8
Translocations | |  0.8
Transmutations | |  0.8
Fire Magic     | |  5.4
Ice Magic      | |  0.8
Air Magic      | |  0.8
Earth Magic    | |  0.8
Poison Magic   | |  0.8

Action                   |  1- 3 |  4- 6 || total
-------------------------+-------+-------++-------
Melee: Hand axe          |    19 |       ||    19
       Bite              |    22 |       ||    22
       Dagger            |   125 |     6 ||   131
       Punch             |     1 |       ||     1
Invok: Foxfire Swarm     |       |     1 ||     1
       Fiery Armour      |       |     1 ||     1
Evoke: Wand              |     1 |       ||     1
  Use: Potion            |       |     1 ||     1
 Stab: Sleeping          |     2 |       ||     2
       Paralysed         |     3 |       ||     3
Armor: Robe              |    21 |     3 ||    24
Dodge: Dodged            |    74 |     3 ||    77
